 Dungeon Crawl Stone Soup version 0.30-a0-457-g4b7bca3bfa (webtiles) character file.

Game seed: 3817698853587647166

149 kurumiz the Poker (level 5, -3/54 HPs)
             Began as an Ogre Gladiator on Dec 14, 2022.
             Slain by a gnoll
             ... wielding a +0 spear
              (5 damage)
             ... on level 2 of the Dungeon.
             The game lasted 00:03:37 (1663 turns).

kurumiz the Poker (Ogre Gladiator)                  Turns: 1663, Time: 00:03:38

Health: -3/54      AC:  3    Str: 20    XL:     5   Next: 31%
Magic:  5/5        EV: 10    Int:  9    God:
Gold:   118        SH:  0    Dex: 10    Spells: 4/4 levels left

rFire   . . .      SeeInvis .    a - +0 trident
rCold   . . .      Faith    .    (no shield)
rNeg    . . .      Spirit   .    r - +0 robe of Obod {rPois Regen+}
rPois   +          Reflect  .    c - +0 hat
rElec   .          Harm     .    (no cloak)
rCorr   .          Rampage  .    (gloves unavailable)
Will    .....                    (boots unavailable)
Stlth   +.........               (no amulet)
HPRegen 1.09/turn                (no ring)
MPRegen 0.09/turn                (no ring)

@: no status effects
A: large, unfitting armour, tough skin 1
a: no special abilities


You were on level 2 of the Dungeon.
You visited 1 branch of the dungeon, and saw 2 of its levels.

You collected 118 gold pieces.

Inventory:

Hand Weapons
 a - a +0 trident (weapon)
Missiles
 d - 3 throwing nets (quivered)
 e - a large rock
Armour
 b - a +0 robe
 c - a +0 hat (worn)
 r - the +0 robe of Obod (worn) {rPois Regen+}
   (You found it on level 2 of the Dungeon)

   rPois:     It protects you from poison.
   Regen:     It increases your rate of health regeneration.
Jewellery
 g - a ring of resist corrosion
Scrolls
 f - 2 scrolls of identify {unknown}
 k - 2 scrolls of magic mapping {unknown}
 m - 2 scrolls of enchant armour {unknown}
 o - a scroll of poison {unknown}
 q - 3 scrolls of teleportation {unknown}
Potions
 h - a potion of attraction {unknown}
 i - 2 potions of mutation {unknown}
 j - a potion of might {unknown}
 l - a potion of curing {unknown}
 n - a potion of ambrosia {unknown}
 p - a potion of heal wounds {unknown}


   Skills:
 + Level 3.8 Fighting
 + Level 4.4 Polearms
 + Level 2.4 Throwing
 + Level 3.4 Dodging
 + Level 0.8 Stealth


You had 4 spell levels left.
You didn't know any spells.
Your spell library contained the following spells:

 Spells                   Type           Power      Damage    Failure   Level
 Necrotise                Necr           0%         1d4       38%         1
 Gell's Gravitas          Tloc           0%         N/A       77%         3
 Ozocubu's Armour         Ice            0%         N/A       77%         3
 Teleport Other           Tloc           0%         N/A       77%         3
 Vampiric Draining        Necr           0%         2d6       77%         3
 Agony                    Necr           0%         N/A       100%        5
 Dispersal                Tloc           0%         N/A       100%        6
 Ozocubu's Refrigeration  Ice            0%         4d7       100%        7


Dungeon Overview and Level Annotations

Branches:
Dungeon (2/15)

Altars:

Shops:
D:1 =

Annotations:
D:2 Sigmund


Innate Abilities, Weirdness & Mutations

You are too large for most types of armour.
You have tough skin. (AC +1)


Message History

The gnoll hits you from afar with a +0 spear.
The frilled lizard barely misses you.
You closely miss the frilled lizard.
The gnoll hits you from afar with a +0 spear!
The frilled lizard misses you.
You closely miss the frilled lizard.
The frilled lizard completely misses you.
The gnoll barely misses you.
You closely miss the frilled lizard.
The gnoll hits you from afar with a +0 spear.
The frilled lizard closely misses you.
You hit the frilled lizard.
The frilled lizard is heavily wounded.
The gnoll closely misses you.
The frilled lizard bites you but does no damage.
You miss the frilled lizard.
The frilled lizard is heavily wounded.
The gnoll hits you from afar with a +0 spear!
* * * LOW HITPOINT WARNING * * *
The frilled lizard bites you.
* * * LOW HITPOINT WARNING * * *
You hit the frilled lizard but do no damage.
The frilled lizard is heavily wounded.
The gnoll closely misses you. The frilled lizard misses you.
You barely miss the frilled lizard.
The frilled lizard is heavily wounded.
The gnoll hits you from afar with a +0 spear.
* * * LOW HITPOINT WARNING * * *
The frilled lizard barely misses you. x2
The gnoll hits you from afar with a +0 spear.
* * * LOW HITPOINT WARNING * * *
You puncture the frilled lizard!
You kill the frilled lizard!
The gnoll hits you from afar with a +0 spear.
* * * LOW HITPOINT WARNING * * *
The gnoll hits you with a +0 spear.
* * * LOW HITPOINT WARNING * * *
Items here: )) †††.
You barely miss the gnoll. The gnoll hits you with a +0 spear.
You die...

####### #...# #......
#...# #...... #...###
....... +.....
#...... #...# #......
#...# #......###...#
#....g@)..#
#.#######.# #.#
#.##### #.# #.....#
#.# #.....# ### #.#
####.....#
##.####.####........#
#..................##
#.<.######.###....##


You could see a gnoll.

Vanquished Creatures
  Jessica (D:2)
  An iguana (D:2)
  2 adders (D:2)
  3 gnolls (D:2)
  A worm (D:2)
  An orc (D:2)
  6 endoplasms
  A giant cockroach (D:1)
  6 hobgoblins
  3 jackals (D:2)
  7 kobolds
  2 quokkas
  2 ball pythons (D:1)
  3 frilled lizards
  4 goblins
  4 rats
47 creatures vanquished.

Notes
Turn   | Place    | Note
-------+----------+-------------------------------------------
     0 | D:1      | kurumiz the Ogre Gladiator began the quest for the Orb.
     0 | D:1      | Reached XP level 1. HP: 22/22 MP: 1/1
   156 | D:1      | Reached XP level 2. HP: 29/29 MP: 2/2
   435 | D:1      | Found Buevaqod's Jewellery Shop.
   650 | D:1      | Reached XP level 3. HP: 33/36 MP: 3/3
  1074 | D:2      | Noticed Jessica
  1102 | D:2      | Killed Jessica
  1103 | D:2      | Reached skill level 4 in Polearms
  1103 | D:2      | Reached XP level 4. HP: 17/45 MP: 4/4
  1446 | D:2      | Identified the +0 robe of Obod {rPois Regen+}
  1479 | D:2      | Noticed Sigmund
  1482 | D:2      | Reached XP level 5. HP: 17/53 MP: 5/5
  1661 | D:2      | HP: 1/54 [gnoll/+0 spear (6)]
  1663 | D:2      | Slain by a gnoll

Illustrated notes

Levels and vault maps discovered:
D:1:      onia_arrival_handbag, layout_basic, serial_shops,
          nicolae_shop_waterfront, grunt_decor_one_mirror, minmay_bisected
D:2:      layout_basic, hangedman_decor_opposing, guppyfry_early_orc_mine,
          uniq_jessica, uniq_sigmund

Skill      XL: |  1  2  3 |
---------------+----------+-----
Dodging        | 3 |  3.4
Fighting       | 3 |  3.8
Polearms       | 4 |  4.4
Throwing       | |  2.4
Stealth        | |  0.8

Action                   |  1- 3 |  4- 6 || total
-------------------------+-------+-------++-------
Melee: Trident           |   103 |    68 ||   171
       Punch             |     1 |     1 ||     2
 Stab: Sleeping          |     1 |     1 ||     2
Armor: Robe              |    18 |    11 ||    29
Dodge: Dodged            |    40 |    49 ||    89

Table legend: (Time is in decaauts)
 A = Elapsed time spent in this place.
 B = Non-inter-level travel time spent in this place.
 C = Inter-level travel time spent in this place.
 D = Time resting spent in this place.
 E = Time spent auto-exploring this place.
 F = Levels seen in this place.
 G = Mean time per level.
                   A        B        C        D        E       F      G
               +--------+--------+--------+--------+--------+-----+--------+
         Total |   1690 |   1533 |    157 |      0 |    941 |   2 |  845.0 |
       Dungeon |   1690 |   1533 |    157 |      0 |    941 |   2 |  845.0 |
               +--------+--------+--------+--------+--------+-----+--------+

Top non-repeatable levels by time:
     D:1: 1014 daAuts
     D:2: 675 daAuts
